 Dungeon Crawl Stone Soup version 0.29.1-13-g9f3cf754e1 (webtiles) character file.

Game seed: 13926151677494147006

18286 cowcol the Protected (level 12, 0/92 HPs)
             Began as a Minotaur Monk on Jan 26, 2023.
             Was a High Priest of Hepliaklqana.
             Succumbed to a cane toad's poison
             ... on level 3 of the Lair of Beasts.
             The game lasted 00:44:57 (20546 turns).

cowcol the Protected (Minotaur Monk)               Turns: 20546, Time: 00:44:57

Health: 0/92       AC: 28    Str: 19    XL:     12   Next: 26%
Magic:  11/11      EV:  8    Int:  7    God:    Hepliaklqana [*****.]
Gold:   566        SH:  0    Dex: 13    Spells: 11/11 levels left

rFire   . . .      SeeInvis .   u - +1 war axe
rCold   . . .      Faith    +   (no shield)
rNeg    + . .      Spirit   .   q - +3 plate armour {Will+}
rPois   .          Reflect  .   (helmet restricted)
rElec   .          Harm     .   (no cloak)
rCorr   .          Rampage  .   n - +1 pair of gloves
Will    ++...                   s - +0 pair of boots
Stlth   ..........              o - amulet of faith
HPRegen 0.25/turn               B - ring of positive energy
MPRegen 0.12/turn               A - +4 ring of protection

@: lethally poisoned (0 -> -36)
A: reduced essence, horns 2, retaliatory headbutt, clumsy 1, strong-willed 1,
MP-powered wands
a: Renounce Religion, Recall Ancestor, Ancestor Identity, Transference, Idealise


You were on level 3 of the Lair of Beasts.
You worshipped Hepliaklqana.
Hepliaklqana was extremely pleased with you.
You visited 3 branches of the dungeon, and saw 13 of its levels.
You also visited: Bailey.

You collected 566 gold pieces.

Inventory:

Hand Weapons
 f - a +2 mace of protection
 r - a +0 hand axe of flaming
 u - a +1 war axe (weapon)
 S - a +1 scimitar of flaming
Missiles
 v - 21 poisoned darts (quivered)
 F - 6 boomerangs
Armour
 l - a +1 plate armour
 n - a +1 pair of gloves (worn)
 q - a +3 plate armour of willpower (worn)
 s - a +0 pair of boots (worn)
 y - the +2 ring mail "Vuamaxtu" {Drain +Blink rElec}
   (You found it on level 3 of the Dungeon)

   rElec:     It insulates you from electricity.
   +Blink:    It lets you blink.
   Drain:     It drains your maximum health when unequipped.
 N - a +2 plate armour of fire resistance
 O - a +3 scale mail of poison resistance
 Q - a +0 pair of boots
Jewellery
 o - an amulet of faith (around neck)
 w - a ring of positive energy
 A - a +4 ring of protection (right hand)
 B - a ring of positive energy (left hand)
 J - a ring of protection from cold
Wands
 e - a wand of charming (3)
 i - a wand of iceblast (3)
 m - a wand of flame (25)
 G - a wand of light (8)
Scrolls
 a - 4 scrolls of identify
 d - 2 scrolls of butterflies
 g - a scroll of poison
 t - 3 scrolls of amnesia
 x - a scroll of teleportation
 W - a scroll of silence
Potions
 c - a potion of ambrosia
 k - 3 potions of magic
 p - 5 potions of flight
 D - 8 potions of curing
 K - 2 potions of might
 M - 2 potions of cancellation
 P - 2 potions of berserk rage
 U - a potion of resistance
 X - a potion of lignification {unknown}
 Y - a potion of heal wounds
Miscellaneous
 b - a phial of floods
 h - a piece from Xom's chessboard (15/15)


   Skills:
 + Level 8.3 Fighting
 - Level 1.0(4.8) Short Blades
 * Level 8.2(8.3) Long Blades
 * Level 14.5(14.6) Axes
 + Level 2.1(9.7) Maces & Flails
 - Level 2.2 Throwing
 * Level 14.7 Armour
 + Level 4.8 Dodging
 + Level 3.1 Stealth


You had 11 spell levels left.
You didn't know any spells.
Your spell library contained the following spells:

 Spells                   Type           Power      Damage    Failure   Level
 Magic Dart               Conj           0%         1d3       99%         1
 Sandblast                Erth           0%         2d4       99%         1
 Slow                     Hex            0%         N/A       99%         1
 Blink                    Tloc           0%         N/A       100%        2
 Call Imp                 Summ           0%         N/A       100%        2
 Ensorcelled Hibernation  Hex/Ice        0%         N/A       100%        2
 Passwall                 Tmut/Erth      0%         N/A       100%        2
 Poisonous Vapours        Pois/Air       0%         N/A       100%        2
 Confusing Touch          Hex            0%         N/A       100%        3
 Dazzling Flash           Conj/Hex       0%         N/A       100%        3
 Ignite Poison            Fire/Tmut/Pois 0%         N/A       100%        3
 Lesser Beckoning         Tloc           0%         N/A       100%        3
 Mephitic Cloud           Conj/Pois/Air  0%         N/A       100%        3
 Stone Arrow              Conj/Erth      0%         3d7       100%        3
 Swiftness                Air            0%         N/A       100%        3
 Tukima's Dance           Hex            0%         N/A       100%        3
 Vampiric Draining        Necr           0%         2d6       100%        3
 Airstrike                Air            0%         2d(0-16)  100%        4
 Corpse Rot               Necr/Pois/Air  0%         N/A       100%        4
 Hailstorm                Conj/Ice       0%         3d3       100%        4
 Ice Form                 Ice/Tmut       0%         N/A       100%        4
 Passage of Golubria      Tloc           0%         N/A       100%        4
 Summon Lightning Spire   Summ/Air       0%         N/A       100%        4
 Agony                    Necr           0%         N/A       100%        5
 Freezing Cloud           Conj/Ice/Air   0%         6-21      100%        5
 Lightning Bolt           Conj/Air       0%         1d11      100%        5
 Manifold Assault         Tloc           0%         N/A       100%        5
 Silence                  Hex/Air        0%         N/A       100%        5
 Summon Forest            Summ/Tloc      0%         N/A       100%        5
 Summon Mana Viper        Hex/Summ       0%         N/A       100%        5
 Yara's Violent Unravell  Hex/Tmut       0%         3d3       100%        5
 Simulacrum               Ice/Necr       0%         N/A       100%        6
 Summon Cactus Giant      Summ           0%         N/A       100%        6


Dungeon Overview and Level Annotations

Branches:
Dungeon (8/15)             Temple (1/1) D:4            Lair (4/5) D:8
 Shoals (0/4) Lair:3        Snake (0/4) Lair:3       Bailey (visited)
  Slime: Lair:4-5

Altars:
Cheibriados
Elyvilon
Hepliaklqana
Nemelex Xobeh
Okawaru
Qazlal
Ru
Sif Muna
Trog
Uskayaw
Wu Jian
Xom
Yredelemnul
Zin
The Shining One

Annotations:
Lair:3 exclusion: oklob plant


Innate Abilities, Weirdness & Mutations

Your life essence is reduced to manifest your ancestor. (-10% HP)
You have a pair of horns on your head.
You reflexively headbutt those who attack you in melee.
You are clumsy. (Dex -2)
You are strong-willed. (Will+)
You expend magic power (3 MP) to strengthen your wands.


Message History

The wolf howls!
The cane toad stings you!
You are poisoned.
The cane toad poisons you! The cane toad stings you.
There is a stone staircase leading up here.
You hit the cane toad.
The cane toad is lightly wounded.
You feel very sick. The cane toad stings you.
You are more poisoned.
The cane toad poisons you!
You slash the cane toad!
The cane toad is heavily wounded.
You closely miss the cane toad.
You feel very sick. The cane toad stings you!
You are more poisoned.
The cane toad poisons you!
Psammuthes hits the cane toad but does no damage.
The cane toad barely misses you.
There are no items here.
You feel extremely sick. The cane toad stings you!
You are more poisoned.
The cane toad poisons you! The cane toad stings you.
Psammuthes gestures at the cane toad while chanting.
The stone arrow misses the cane toad.
You climb upwards.
Level annotation: exclusion: oklob plant
* * * LOW HITPOINT WARNING * * *
You feel extremely sick.
There is a stone staircase leading down here.
There is a lethal amount of poison in your body!
There is a lethal amount of poison in your body!
* * * LOW HITPOINT WARNING * * *
You feel extremely sick.
The cane toad stings you but does no damage. x2
Psammuthes casts a spell at the cane toad.
The stone arrow hits the cane toad!
The cane toad barely misses you.
You die...

..........P.....#........## #P..
..........................# ##..
..#......................P# ##..
...+.....................## #...
.......................)..# ##..
...#....................).#####..
............#.#..............##..
...#...........FF........#.#.##..
#+.............#@.#+.+###......##
...............R.#....(##.....##.
...........<............#.....##.
..........+....P.#.........8..##.
..........#....#..#..8..#.....#..
..#..P....#....#..#.....#........
.......(..+....#...#.......8.....
.#.................##............
.#....P............###..8..>..8..


You could see the friendly Psammuthes the battlemage and 2 cane toads.

Vanquished Creatures
  A hydra (Lair:2)
  2 death yaks (D:7)
  Pikel (D:5)
  A black mamba (Lair:1)
  A gargoyle (Bailey)
  3 elephants (Lair:3)
  An efreet (D:8)
  A komodo dragon (Lair:4)
  A troll (D:7)
  Grinder (D:3)
  A blink frog (Lair:3)
  A snapping turtle (Lair:3)
  4 wyverns
  4 yaks
  A water moccasin (Lair:2)
  An acid dragon (D:8)
  2 orc warriors (D:8)
  A sky beast (D:7)
  A black bear (D:4)
  9 wolves
  A centaur (D:8)
  A phantom (D:5)
  A kobold brigand (D:8)
  A bullfrog (Lair:1)
  2 scorpions
  A killer bee (D:7)
  2 howler monkeys (D:7)
  6 vampire bats (Bailey)
  2 wolf zombies (Bailey)
  3 hounds
  A gnoll bouda (D:6)
  3 orc priests (D:4)
  Natasha (twice) (D:4)
  2 iguanas
  2 orc wizards
  3 gnolls (D:6)
  8 adders
  5 worms
  17 orcs
  9 ball pythons
  6 bats
  7 endoplasms
  A giant cockroach (D:4)
  4 goblins
  4 hobgoblins
  9 kobolds
  2 quokkas
  2 frilled lizards
  5 orc zombies (Bailey)
  4 rats
154 creatures vanquished.

Vanquished Creatures (collateral kills)
  A hydra (Lair:3)
  A death yak (D:7)
  Amaemon (D:8)
  An orange demon (D:8)
  2 black mambas
  3 cane toads
  A rime drake (Lair:1)
  A polar bear (Lair:3)
  3 blink frogs (Lair:3)
  4 dream sheep (Lair:3)
  A vampire (Bailey)
  6 yaks
  A wyvern (D:8)
  4 nagas (Lair:3)
  2 water moccasins
  2 black bears (D:7)
  An ice beast (D:8)
  2 sky beasts
  4 wolves
  A lemure (D:5)
  A phantom (D:5)
  5 bullfrogs
  2 scorpions
  9 killer bees
  An electric eel (D:8)
  4 vampire bats (Bailey)
  A howler monkey (D:7)
  4 wolf zombies (Bailey)
  2 hounds (D:5)
  An iguana (D:5)
  Natasha (D:4)
  An orc wizard (D:8)
  A hell rat (D:8)
  4 adders
  3 river rats (D:8)
  A shadow imp (D:7)
  4 white imps
  8 orcs
  3 quokkas (D:8)
  3 kobolds (D:8)
  12 orc zombies (Bailey)
  A rat (D:8)
114 creatures vanquished.

Vanquished Creatures (others)
  16 battlemagi
  15 fungi
  32 plants
63 creatures vanquished.

Grand Total: 331 creatures vanquished

Notes
Turn   | Place    | Note
-------+----------+-------------------------------------------
     0 | D:1      | cowcol the Minotaur Monk began the quest for the Orb.
     0 | D:1      | Reached XP level 1. HP: 19/19 MP: 0/0
   341 | D:1      | Reached skill level 1 in Armour
   406 | D:1      | Reached XP level 2. HP: 27/27 MP: 1/1
   421 | D:1      | Found a faded altar of an unknown god.
  1118 | D:2      | Reached XP level 3. HP: 33/33 MP: 2/2
  1127 | D:2      | Gained mutation: You expend magic power (3 MP) to
                  | strengthen your wands. [potion of mutation]
  1127 | D:2      | Gained mutation: You are clumsy. (Dex -2) [potion of
                  | mutation]
  1127 | D:2      | Gained mutation: You are strong-willed. (Will+) [potion of
                  | mutation]
  2176 | D:2      | Reached XP level 4. HP: 40/40 MP: 3/3
  2718 | D:3      | Reached skill level 1 in Maces & Flails
  2795 | D:3      | Noticed Grinder
  2835 | D:3      | Paralysed by Grinder for 2 turns
  2839 | D:3      | Killed Grinder
  2840 | D:3      | Reached skill level 5 in Axes
  2840 | D:3      | Reached skill level 1 in Throwing
  2840 | D:3      | Reached XP level 5. HP: 28/46 MP: 4/4
  2840 | D:3      | Reached XP level 6. HP: 32/52 MP: 5/5
  3168 | D:3      | Identified the +2 ring mail "Vuamaxtu" {Drain +Blink rElec}
  3238 | D:3      | Found a transporter.
  3263 | D:3      | Found a transporter.
  3896 | D:4      | Noticed Natasha
  3905 | D:4      | Killed Natasha
  5150 | D:4      | Noticed Natasha
  5158 | D:4      | Killed Natasha
  5159 | D:4      | Reached XP level 7. HP: 52/60 MP: 6/6
  5583 | D:4      | Reached skill level 1 in Short Blades
  5583 | D:4      | Reached skill level 5 in Armour
  6057 | D:4      | Found a staircase to the Ecumenical Temple.
  6065 | Temple   | Entered the Ecumenical Temple
  6195 | Temple   | Became a worshipper of Hepliaklqana the Forgotten
  6195 | Temple   | Reached * piety under Hepliaklqana
  6195 | Temple   | Reached ** piety under Hepliaklqana
  6196 | Temple   | Remembered your ancestor Psammuthes as a battlemage
  6309 | D:4      | Noticed Natasha
  6318 | D:4      | Killed Natasha
  6329 | D:5      | Entered Level 5 of the Dungeon
  6363 | D:5      | Reached skill level 1 in Long Blades
  6727 | D:5      | Reached XP level 8. HP: 60/60 MP: 7/7
  6832 | D:5      | Noticed Pikel
  6844 | D:5      | Killed Pikel
  6845 | D:5      | Reached skill level 5 in Fighting
  7287 | D:6      | Reached *** piety under Hepliaklqana
  8453 | D:7      | Reached **** piety under Hepliaklqana
  8498 | D:7      | Reached XP level 9. HP: 66/66 MP: 8/8
  8793 | D:7      | Noticed a troll
  8802 | D:7      | Killed a troll
  9159 | D:7      | Reached skill level 10 in Axes
  9426 | D:8      | Noticed an orange demon
  9426 | D:8      | Noticed Amaemon
  9432 | D:8      | Found a staircase to the Lair.
  9432 | D:8      | Noticed a death yak
  9432 | D:8      | Noticed a death yak
  9432 | D:8      | Noticed a death yak
  9441 | D:8      | Found a flagged portal.
  9450 | Bailey   | Entered a bailey
 10080 | Bailey   | Reached skill level 5 in Long Blades
 10192 | Bailey   | Reached ***** piety under Hepliaklqana
 10203 | Bailey   | Reached skill level 10 in Armour
 10369 | Bailey   | Noticed a gargoyle
 10374 | Bailey   | Killed a gargoyle
 10433 | Bailey   | Reached XP level 10. HP: 69/74 MP: 9/9
 10964 | D:7      | Killed a death yak
 11320 | D:7      | Killed a death yak
 11534 | D:7      | Killed a death yak
 11811 | D:8      | Killed an orange demon
 11868 | D:8      | Killed Amaemon
 14091 | D:8      | Reached XP level 11. HP: 79/81 MP: 10/10
 14520 | Lair:1   | Entered Level 1 of the Lair of Beasts
 16640 | Lair:2   | Noticed an eight-headed hydra
 16656 | Lair:2   | Killed a three-headed hydra
 17952 | Lair:3   | Noticed an oklob plant
 17959 | Lair:3   | Noticed an eight-headed hydra
 18117 | Lair:3   | Killed a five-headed hydra
 18679 | Lair:3   | Reached XP level 12. HP: 84/90 MP: 11/11
 18902 | Lair:3   | Found a staircase to the Snake Pit.
 19459 | Lair:3   | Found a staircase to the Shoals.
 20546 | Lair:3   | Succumbed to a cane toad's poison

Illustrated notes

Levels and vault maps discovered:
D:1:      dpeg_arrival_pits, layout_basic, shapermc_ecumenical_altar_acropolis
D:2:      layout_basic, st_stairs_12, minmay_circled_x
D:3:      gammafunk_wand_slinger, layout_basic, uniq_grinder
D:4:      layout_basic, minmay_temple_entry_nine_rooms, uniq_natasha
D:5:      layout_basic, uniq_pikel
D:6:      layout_gridville, minmay_misc_feat_roman
D:7:      layout_basic, ebering_dispersal_statue_hall, chequers_avenue,
          minivault_1
D:8:      layout_basic, dpeg_lair_monsters, enter_bailey_2, minmay_small_thing,
          uniq_amaemon
Temple:   hc_temple_tempest_star
Lair:1:   layout_cave_pods, minivault_26, lemuel_old_faithful
Lair:2:   layout_concentric_octagons
Lair:3:   minmay_lair_oklob_chamber, layout_chaotic_city,
          minmay_shoals_entry_hut, minmay_snake_entry_guardpost_small,
          grunt_megastairs_3
Lair:4:   layout_long_grid, special_room [special_room_bee],
          beast_lair_carwin_5, serial_bayou_shore_a, serial_bayou_shore_b,
          lemuel_fruit_tree, uniq_sonja

Skill      XL: |  1  2  3  4  5  6  7  8  9 10 11 12 |
---------------+-------------------------------------+-----
Armour         | 1 2 4 5 8 10 12 14 | 14.7
Axes           | 4 5 6 7 9 10 12 14 | 14.5
Fighting       | 4 5 6 8 |  8.3
Maces & Flails | 2 |  2.1
Throwing       | 1 2 |  2.2
Short Blades   | 1 |  1.0
Long Blades    | 1 3 5 6 7 8 |  8.2
Dodging        | 4 |  4.8
Stealth        | 2 3 |  3.1

Action                   |  1- 3 |  4- 6 |  7- 9 | 10-12 || total
-------------------------+-------+-------+-------+-------++-------
Melee: Hand axe          |    25 |       |       |     5 ||    30
       Headbutt          |    12 |    25 |    27 |    46 ||   110
       Mace              |    41 |     8 |       |       ||    49
       War axe           |       |   114 |   118 |   214 ||   446
       Punch             |       |     1 |     2 |     3 ||     6
       Scimitar          |       |       |       |    11 ||    11
Throw: Dart              |     5 |    25 |    16 |    15 ||    61
       Stone             |     4 |     9 |       |       ||    13
Invok: Ancestor Life: Ba |       |       |     1 |       ||     1
       Recall Ancestor   |       |       |     1 |     2 ||     3
  Use: Scroll            |     8 |     5 |     5 |     7 ||    25
       Potion            |     5 |     2 |     4 |     9 ||    20
 Stab: Distracted        |       |       |     2 |     4 ||     6
Armor: Scale mail        |    32 |    43 |    21 |    24 ||   120
       Robe              |     1 |       |       |       ||     1
       Plate armour      |       |       |   116 |   287 ||   403
       Skin              |       |       |       |     2 ||     2
Dodge: Dodged            |    35 |    64 |    66 |   155 ||   320
